 Dungeon Crawl Stone Soup version bcrawl-1.40.3b (webtiles) character file.

Game seed: 4994151816783916105

393857 chipmonk the Basher (level 11, -36/131 HPs)
             Began as an Ent Berserker on Dec 22, 2023.
             Was a High Priest of Trog.
             Annihilated by an orc warlord
             ... wielding a +2 long sword of draining
              (42 damage)
             ... in a bailey.
             The game lasted 00:22:18 (9473 turns).

chipmonk the Basher (Ent Berserker)                 Turns: 9473, Time: 00:22:19

Health: -36/131    AC: 18    Str: 28    XL:     11   Next: 38%
Magic:  11/11      EV: 13    Int:  5    God:    Trog [*****.]
Gold:   705        SH:  0    Dex:  9    Spells: 10/10 levels left

rFire    . . .     GDR:     30% a - +1 flail (holy)
rCold    . . .     SeeInvis .   (no shield)
rNeg     + + +     Gourm    .   (armour unavailable)
rPois    +         Faith    .   (helmet restricted)
rElec    .         Spirit   .   (no cloak)
rCorr    .         Reflect  .   (gloves unavailable)
MR       +++..     Rnd*Rage +   (boots unavailable)
Stlth    +.........             x - necklace of Bloodlust {Rage *Rage MR++ Int-3 Slay+6 *Curse}
HPRegen  0.31/turn              (no ring)
MPRegen  0.12/turn              (no ring)

@: berserk cooldown, slowed, very slow
A: large, slow actions, passwall, strong branches, negative energy resistance 3,
poison resistance, slow metabolism 1, torment resistance, unbreathing, AC +18
a: Passwall, Berserk, Trog's Hand, Brothers in Arms, Renounce Religion, Evoke
Berserk Rage


You were in a bailey.
You worshipped Trog.
Trog was extremely pleased with you.
You were hungry.

You visited 2 branches of the dungeon, and saw 11 of its levels.
You also visited: Sewer and Bailey.

You collected 753 gold pieces.
You spent 48 gold pieces at shops.

Inventory:

Hand Weapons
 a - a +1 flail of holy wrath (weapon)
 A - the +4 longbow "Xopideov" {venom, Str+2}
   (Trog gifted it to you on level 9 of the Dungeon)

   It poisons the ammo it fires.
   It affects your strength (+2).
 F - a +4 war axe
 I - a +0 whip of flaming
Missiles
 g - 272 bolts
 p - 209 poisoned tomahawks (quivered)
 z - a throwing net {=f}
Armour
 s - a scarf of stasis
Jewellery
 x - the necklace of Bloodlust (around neck) {Rage *Rage MR++ Int-3 Slay+6 *Curse}
   (You found it on level 5 of the Dungeon)

   [amulet of rage]

   It affects your intelligence (-3).
   It affects your accuracy and damage with ranged weapons and melee attacks
   (+6).
   It affects your resistance to hostile enchantments.
   It may make you go berserk in combat.
   It curses itself when equipped.
 B - an uncursed amulet of faith {unknown}
 C - an uncursed ring of poison resistance {unknown}
 D - an uncursed ring of stealth
 G - an uncursed ring of poison resistance {unknown}
 H - a cursed amulet of faith {unknown}
Scrolls
 c - a scroll of revelation
 f - 3 scrolls of blinking
 j - a scroll of enchant armour
 q - 3 scrolls of fear
 t - 4 scrolls of teleportation {unknown}
 u - a scroll of noise
 v - a scroll of immolation
 y - a scroll of remove curse
Potions
 b - a potion of invisibility {unknown}
 d - 4 potions of haste
 h - 5 potions of heal wounds
 k - 3 potions of brilliance {unknown}
 l - 3 potions of agility {unknown}
 m - 4 potions of might {unknown}
 n - 4 potions of curing {unknown}
 o - a potion of mutation {unknown}
 r - 2 potions of flight {unknown}
 w - a potion of berserk rage
 E - 2 potions of lignification {unknown}
 J - a potion of resistance {unknown}
 K - a potion of magic {unknown}
Comestibles
 e - 5 rations {!d}
 i - a chunk of flesh


   Skills:
 + Level 11.6 Fighting
 + Level 12.8 Maces & Flails
 + Level 10.0 Dodging


You had 10 spell levels left.
You didn't know any spells.
Your spell library was empty.

Dungeon Overview and Level Annotations

Branches:
Dungeon (10/12)            Temple (1/1) D:5            Lair (0/6) D:7
    Orc: D:8-11

Altars:
Ashenzari
Cheibriados
Dithmenos
Elyvilon
Fedhas
Gozag
Hepliaklqana
Lugonu
Makhleb
Nemelex Xobeh
Okawaru
Qazlal
Ru
Sif Muna
Trog
Uskayaw
Vehumet
Wu Jian
Xom
Yredelemnul
Zin
The Shining One

Shops:
D:4 ?   D:8 [


Innate Abilities, Weirdness & Mutations

You move and act slowly.
You can pass through walls and trees.
Your branches can wield two-handed weapons with a shield.
Your thick bark is tough. (AC +18)
You are too large for most types of armour.
You are immune to negative energy. (rN+++)
Your system is resistant to poisons. (rPois)
You have a slow metabolism.
You are immune to unholy pain and torment.
You can survive without breathing.


Message History

The orc warlord is moderately wounded.
The orc warlord hits you with a +2 long sword of draining!!
* * * LOW HITPOINT WARNING * * *
The orc knight jeers loudly, as Orcs often do.
The orc knight hits you but does no damage.
You barely miss the orc warlord.
The orc warlord is moderately wounded.
The orc warlord hits you with a +2 long sword of draining!
* * * LOW HITPOINT WARNING * * *
The orc warlord hits you with a +2 long sword of draining!!
* * * LOW HITPOINT WARNING * * *
You sock the orc warlord!
The orc warlord is heavily wounded.
The orc warrior no longer looks unusually strong.
The orc no longer looks unusually strong.
The orc knight hits you but does no damage.
The orc knight roars a battlecry!
The orcs go into a battle-frenzy!
The orc warlord hits you with a +2 long sword of draining!!!
You die...

#...........#........
#...........#.......)
###.).......###......)
###.#)#.....###.###....)
###...))###.###...
###.## ##.........###
o... ###. #..........8#
..... #..
#.........o8#gg.... #..
#∩....⌠...@)oogo... #..
#.........o8#go.... #..
#..........8# o.... #..
##.........### o... ###.
###....)###.###.oo
###.##
###.#)#.....###.###.....
###)))......###.......
#..)........#........
#...........#........


You could see an orc warlord, 3 orc knights, an orc warrior, a gnoll, an orc, a
hobgoblin and 2 goblins.

Vanquished Creatures
  A two-headed ogre (D:9)
  Pikel (D:5)
  A wolf spider zombie (D:10)
  Joseph (D:7)
  3 trolls
  A merfolk (D:9)
  5 hippogriffs
  4 slime creatures (D:10)
  8 yaks
  2 wyverns (D:7)
  A basilisk (D:7)
  A hungry ghost (D:9)
  A steam dragon (D:7)
  Menkaure (D:6)
  2 crocodiles (D:7)
  Edmund (D:4)
  A cane toad skeleton (D:10)
  4 sky beasts
  8 orc warriors
  4 ice beasts
  A phantom (D:6)
  2 ogres
  4 bullfrogs
  2 kobold brigands (Sewer)
  A water moccasin zombie (D:5)
  A centaur (D:7)
  2 scorpions
  4 howler monkeys
  4 orc priests
  A hound (D:5)
  A jelly (D:9)
  4 bullfrog zombies
  2 bullfrog skeletons
  5 iguanas
  4 orc wizards
  9 worker ants
  20 adders
  8 gnolls (Bailey)
  A shadow imp (D:6)
  An ooze (Sewer)
  An adder skeleton (D:9)
  3 adder zombies
  4 worms
  3 dart slugs
  6 leopard geckos
  35 orcs
  9 bats
  6 giant cockroaches
  27 goblins
  26 hobgoblins
  19 jackals
  19 kobolds
  8 quokkas
  3 ball pythons
  7 frilled lizards
  A jackal skeleton (D:9)
  13 rats
318 creatures vanquished.

Vanquished Creatures (collateral kills)
  A gnoll (Bailey)
  2 orcs (Bailey)
3 creatures vanquished.

Grand Total: 321 creatures vanquished

Notes
Turn   | Place    | Note
-------+----------+-------------------------------------------
     0 | D:1      | chipmonk the Ent Berserker began the quest for the Orb.
     0 | D:1      | Reached XP level 1. HP: 25/25 MP: 1/1
   112 | D:1      | Reached XP level 2. HP: 33/33 MP: 2/2
   162 | D:1      | Reached skill level 4 in Maces & Flails
   296 | D:1      | Reached ** piety under Trog
   297 | D:1      | Reached XP level 3. HP: 42/42 MP: 3/3
   943 | D:2      | Reached XP level 4. HP: 51/51 MP: 4/4
  1026 | D:2      | Reached skill level 5 in Maces & Flails
  1417 | D:3      | Reached *** piety under Trog
  1452 | D:3      | Found a glowing drain.
  1485 | Sewer    | Entered a sewer
  1570 | Sewer    | Noticed a kobold brigand
  1570 | Sewer    | Noticed a kobold brigand
  1582 | Sewer    | Killed a kobold brigand
  1583 | Sewer    | Reached XP level 5. HP: 45/60 MP: 5/5
  1599 | Sewer    | HP: 2/60 [kobold brigand/+0 short sword (6)]
  2018 | D:3      | Reached XP level 6. HP: 68/68 MP: 6/6
  2064 | D:3      | Reached **** piety under Trog
  2065 | D:3      | Reached skill level 6 in Maces & Flails
  2549 | D:4      | Reached skill level 5 in Fighting
  2806 | D:4      | Noticed an ice beast
  2811 | D:4      | Killed an ice beast
  2812 | D:4      | Reached XP level 7. HP: 50/78 MP: 7/7
  3328 | D:4      | Noticed Edmund
  3340 | D:4      | Killed Edmund
  3341 | D:4      | Reached skill level 7 in Maces & Flails
  3341 | D:4      | Reached skill level 5 in Dodging
  3383 | D:4      | Found Cinot's Magic Scroll Shop.
  3392 | D:4      | Bought a scroll of identify for 24 gold pieces
  3392 | D:4      | Bought a scroll of identify for 24 gold pieces
  3862 | D:5      | Entered Level 5 of the Dungeon
  3862 | D:5      | Found the cursed necklace of Bloodlust {Rage *Rage MR++
                  | Int-3 Slay+6 *Curse}
  3927 | D:5      | Noticed Pikel
  3948 | D:5      | Killed Pikel
  3949 | D:5      | Reached skill level 8 in Maces & Flails
  3949 | D:5      | Reached XP level 8. HP: 60/93 MP: 8/8
  4105 | D:5      | Reached skill level 9 in Maces & Flails
  4221 | D:5      | Found a staircase to the Ecumenical Temple.
  4251 | Temple   | Entered the Ecumenical Temple
  4593 | D:5      | Noticed a hippogriff
  4601 | D:5      | Killed a hippogriff
  4602 | D:5      | Reached XP level 9. HP: 97/103 MP: 9/9
  4853 | D:6      | Noticed Menkaure
  4858 | D:6      | Killed Menkaure
  5381 | D:6      | Reached skill level 10 in Maces & Flails
  5615 | D:7      | Noticed Joseph
  5638 | D:7      | Killed Joseph
  5662 | D:7      | Noticed a troll
  5670 | D:7      | Killed a troll
  5706 | D:7      | Reached XP level 10. HP: 75/116 MP: 10/10
  5777 | D:7      | Reached ***** piety under Trog
  6148 | D:7      | Found a sparkling altar of Nemelex Xobeh.
  6318 | D:7      | Reached skill level 11 in Maces & Flails
  6344 | D:7      | Reached skill level 10 in Fighting
  6348 | D:7      | Found a staircase to the Lair.
  6974 | D:8      | Found Keawugi's Antique Armour Shoppe.
  7260 | D:8      | Found an iron altar of Okawaru.
  7694 | D:9      | Received a gift from Trog
  7695 | D:9      | Reached skill level 12 in Maces & Flails
  7698 | D:9      | Got an iridescent longbow {god gift}
  8048 | D:9      | Reached XP level 11. HP: 115/130 MP: 11/11
  8342 | D:9      | Noticed a two-headed ogre
  8351 | D:9      | Killed a two-headed ogre
  8536 | D:10     | Entered Level 10 of the Dungeon
  8697 | D:10     | Found a flagged portal.
  8766 | Bailey   | Entered a bailey
  9227 | Bailey   | Reached skill level 10 in Dodging
  9285 | Bailey   | Identified the +4 longbow "Xopideov" {venom, Str+2} (Trog
                  | gifted it to you on level 9 of the Dungeon)
  9447 | Bailey   | Noticed an orc knight
  9447 | Bailey   | Noticed an orc warlord
  9447 | Bailey   | Noticed an orc knight
  9447 | Bailey   | Noticed an orc knight
  9472 | Bailey   | HP: 5/131 [orc warlord/+2 long sword of draining (18)]
  9473 | Bailey   | Annihilated by an orc warlord

Skill      XL: |  1  2  3  4  5  6  7  8  9 10 11 |
---------------+----------------------------------+-----
Maces & Flails | 4 5 6 8 9 10 12 | 12.8
Dodging        | 3 4 6 8 9 10 | 10.0
Fighting       | 4 5 7 9 11 | 11.6

Action                   |  1- 3 |  4- 6 |  7- 9 | 10-12 || total
-------------------------+-------+-------+-------+-------++-------
Melee: Mace              |   133 |   248 |    46 |       ||   427
       Flail             |       |       |   237 |   331 ||   568
Throw: Tomahawk          |       |    15 |    15 |     5 ||    35
Invok: Berserk           |       |     1 |     2 |     8 ||    11
       Trog's Hand       |       |       |       |     1 ||     1
       Brothers in Arms  |       |       |       |     1 ||     1
 Abil: Passwall          |       |       |       |     1 ||     1
  Use: Scroll            |       |     2 |     6 |     9 ||    17
       Potion            |       |     1 |     1 |       ||     2
 Stab: Sleeping          |       |       |     1 |       ||     1
  Eat: Chunk             |     1 |     8 |     3 |     1 ||    13
       Ration            |     1 |     1 |     5 |     6 ||    13
Armor: Skin              |   162 |   264 |   263 |   178 ||   867
Dodge: Dodged            |   205 |   258 |   234 |   260 ||   957
